AoeStats
← Shields10

Four Lakes

510168573Analyzed
1v1 RM · 2d ago on Sep 29, 2026· 40m 8s· 2 players
Game mode
Random Map
Map size
Tiny (2 player)
Population
200
Speed
Normal
Resources
Standard
Victory
Conquest
Starting age
Dark Age
Ending age
Imperial Age
RankedLock teamsTeams togetherTeam positionsShared explorationLock speedFull tech treeHidden civsTurbo modeCheats
Victory
Defeat
🇦🇺 Mongols · Australia
1070
+15
🇦🇺 Mongols · Australia
1047
-15
Shields10
8:49 Feudal Age
9:51 Double-Bit Axe
10:29 Loom
12:01 Fletching
14:31 Padded Archer Armor
20:19 Castle Age
20:27 Crossbowman
21:47 Bodkin Arrow
29:57 Leather Archer Armor
30:33 Ballistics
35:00 Imperial Age
36:04 Bracer
37:07 Arbalester
40:17 Chemistry
arieljacominibonetti
6:53 Loom
8:52 Feudal Age
9:43 Double-Bit Axe
12:13 Fishing Lines
14:00 Horse Collar
19:16 Castle Age
17:52 Stone Mining
19:10 Gold Mining
20:41 Bow Saw
20:43 Gillnets
21:42 Stone Shaft Mining
21:31 Fletching
23:27 Bodkin Arrow
27:37 Gold Shaft Mining
28:06 Ballistics
28:29 Padded Archer Armor
37:35 Imperial Age
35:30 Heavy Plow
35:38 Light Cavalry
36:29 Bloodlines
36:19 Husbandry
36:29 Scale Barding Armor
37:09 Wheelbarrow
36:52 Forging
37:36 Chain Barding Armor
38:51 Iron Casting
39:36 Bracer
40:26 Thumb Ring
Connection lost

Rejoining the realm…

Still unreachable

The connection could not be restored.

Session expired

The server has moved on; the page needs a fresh start.